 Dungeon Crawl Stone Soup version 0.25-a0-972-g74ed164fb1 (webtiles) character file.

Game seed: 7922845384124221940, levelgen mode: deterministic

8 Chiseanne the Skirmisher (level 2, 25/25 HPs)
             Began as a Demonspawn Wanderer on May 9, 2020.
             Quit the game on level 1 of the Dungeon.
             The game lasted 00:00:37 (160 turns).

Chiseanne the Skirmisher (Demonspawn Wanderer)       Turns: 160, Time: 00:00:37

Health: 25/25      AC:  3    Str: 15    XL:     2   Next: 0%
Magic:  2/2        EV: 11    Int: 13    God:
Gold:   0          SH:  0    Dex:  9    Spells: 1/1 levels left

rFire    . . .     SeeInvis .   a - +0 shortbow
rCold    . . .     Gourm    .   (shield currently unavailable)
rNeg     . . .     Faith    .   k - +0 leather armour
rPois    .         Spirit   .   (no helmet)
rElec    .         Reflect  .   (no cloak)
rCorr    .         Harm     .   (no gloves)
MR       .....                  (no boots)
Stlth    +.........             (no amulet)
HPRegen  0.08/turn              (no ring)
MPRegen  0.08/turn              (no ring)

@: no status effects
A: claws 1
a: no special abilities


You were on level 1 of the Dungeon.
You were not hungry.

You visited 1 branch of the dungeon, and saw 1 of its levels.

Inventory:

Hand Weapons
 a - a +0 shortbow (weapon)
Missiles
 d - 15 arrows (quivered)
 h - 26 stones
Armour
 e - a +0 kite shield
 k - a +0 leather armour (worn)
Jewellery
 l - a +4 ring of strength {unknown}
Scrolls
 c - a scroll of blinking
 i - a scroll of enchant weapon {unknown}
 j - a scroll of identify {unknown}
Potions
 b - a potion of berserk rage
 f - a potion of curing {unknown}
Comestibles
 g - a ration


   Skills:
 * Level 4.2 Fighting
 - Level 1.0 Throwing
 - Level 1.7 Armour
 * Level 1.0 Dodging
 - Level 1.0 Shields
 - Level 1.7 Unarmed Combat


You had one spell level left.
You didn't know any spells.
Your spell library was empty.

Dungeon Overview and Level Annotations

Branches:
Dungeon (1/15)

Altars:


Innate Abilities, Weirdness & Mutations

You have sharp fingernails.


Message History

Press: ? - help, Shift-Dir - straight line, f/p - frilled lizard
Aim: a frilled lizard You shoot an arrow.
The arrow closely misses the frilled lizard.
A dart slug comes into view.
Firing (i - inventory. (/) - cycle)
d - 17 arrows (quivered)
Press: ? - help, Shift-Dir - straight line, f/p - frilled lizard
Aim: a frilled lizard You shoot an arrow.
The arrow hits the frilled lizard!
You kill the frilled lizard!
Firing (i - inventory. (/) - cycle)
d - 16 arrows (quivered)
Press: ? - help, Shift-Dir - straight line, f - dart slug
Aim: a dart slug You shoot an arrow.
The arrow hits the dart slug!
You kill the dart slug!
Your Dodging skill increases to level 1!
You have reached level 2!
Your demonic ancestry asserts itself...
Your fingernails lengthen.
Are you sure you want to abandon this character and quit the game? (Confirm with "yes".)

#.# #(# #(# #.# #(#
#.# #.#####
#####.#### #(##..
..#...... ##(##.#
#......# #.@.#.#
#.....♣♣♣ #.#...#
#..#..♣.. #...#.#
#.....♣.P
#####.#####..#..♣.P
#........#.#♣.P
#.######.#.#♣.P
#..>.....#.#♣.P
##########.#♣<.
#.........♣♣♣


There were no monsters in sight!

Vanquished Creatures
  An ooze (D:1)
  A dart slug (D:1)
  A frilled lizard (D:1)
3 creatures vanquished.

Notes
Turn   | Place    | Note
-------+----------+-------------------------------------------
     0 | D:1      | Chiseanne the Demonspawn Wanderer began the quest for the
                  | Orb.
     0 | D:1      | Chiseanne set off with the following items: a +0 shortbow,
                  | a potion of berserk rage, a scroll of blinking, 25 arrows,
                  | a +0 kite shield, a +0 robe, a ration
     0 | D:1      | Reached XP level 1. HP: 19/19 MP: 1/1
   158 | D:1      | Reached skill level 1 in Dodging
   158 | D:1      | Gained mutation: You have sharp fingernails. [demonic
                  | ancestry]
   158 | D:1      | Reached XP level 2. HP: 25/25 MP: 2/2
   160 | D:1      | Quit the game

Illustrated notes

Levels and vault maps discovered:
D:1:      tarquinn_simple_flora_water_a, layout_loops_corners,
          chequers_serial_rivers_micro_a

Skill      XL: |  1 |
---------------+----+-----
Dodging        | 1 |  1.0
Fighting       | |  4.2
Throwing       | |  1.0
Armour         | |  1.7
Shields        | |  1.0
Unarmed Combat | |  1.7

Action                   || total
-------------------------++-------
 Fire: Shortbow          ||    10

Table legend:
 A = Non-vault XP
 B = Vault XP
 C = Vault XP percentage of total XP
 D = Non-vault monster count
 E = Vault monster count
 F = Vault count percentage of total count
                 A         B        C        D         E       F
            +---------+---------+-------+---------+---------+-------
      Total |      12 |       0 |   0.0 |       3 |       0 |   0.0
            +---------+---------+-------+---------+---------+-------
        D:1 |      12 |       0 |   0.0 |       3 |       0 |   0.0
            +---------+---------+-------+---------+---------+-------
